 Dungeon Crawl Stone Soup version 0.30-a0-986-g7f2e898f52 (webtiles) character file.

Game seed: 17703589587455506189

340684 Firecrotchwizard the Slayer (level 22, -11/183 (194) HPs)
             Began as a Djinni Conjurer on Apr 1, 2023.
             Was the Champion of Ashenzari.
             Mangled by a juggernaut simulacrum (16 damage)
             ... led by Josephina
             ... on level 2 of the Depths on Apr 2, 2023.
             The game lasted 03:46:26 (44250 turns).

Firecrotchwizard the Slayer (Djinni Conjurer)      Turns: 44250, Time: 03:46:27

HP:   -11/183 (194) AC: 19    Str:  8    XL:     22   Next: 99%
Gold: 3109          EV: 24    Int: 26    God:    Ashenzari [******] SH:  8 Dex: 15

rFire   + + .      SeeInvis +    y - staff of conjuration "Moon of the Cursed God" (curse) {Self, Cun} (curse)
rCold   x . .      Faith    .    G - +0 buckler of the Clairvoyant Sorrow {rN+ Will+, Self, Melee} (curse)
rNeg    + . .      Spirit   .    a - +1 troll leather armour of Ashenzari's Failure {Regen+, Snorg, Self, Fort} (curse)
rPois   ∞          Reflect  .    R - +1 helmet of Panopticon {Regen+, Self, Range} (curse)
rElec   .          Rampage  .    c - +0 cloak "Chained Together" {Self, Cun} (curse)
rCorr   .          Clarity  +    O - +2 pair of gloves of Ashenzari's Adversity {Cun, Self} (curse)
Will    ++++.                    (boots unavailable)
Stlth   +++                      s - amulet of Ashenzari's Monotheism {Acrobat, Self, Cun} (curse)
HPRegen 2.10/turn                l - ring of Ashenzari's Augurer {Will+, Self, Evo} (curse)
MPRegen 0.00/turn                q - ring "Prophetic Stickiness" {AC+4, Self, Fort} (curse)

@: about to teleport, flying, drained
A: sickness immunity, fire resistance 2, cold vulnerability 1, float, innate
caster, HP casting, extra vitality 1
}: 2/15 runes: barnacled, gossamer
a: Renounce Religion, Shatter the Chains


You were on level 2 of the Depths.
You worshipped Ashenzari.
Ashenzari was exalted by your worship.
You visited 8 branches of the dungeon, and saw 37 of its levels.

You collected 3935 gold pieces.
You spent 826 gold pieces at shops.

Inventory:

Missiles
 d - 7 curare-tipped darts
 e - 5 boomerangs of dispersal
 k - 3 throwing nets {@!f}
Armour
 a - the cursed +1 troll leather armour of Ashenzari's Failure (worn) {Regen+, Snorg, Self, Fort}
   (You found it on level 12 of the Dungeon)

   Regen:     It increases your rate of health regeneration.
   It has a curse which improves the following skills: Introspection: Fighting
   and Spellcasting.
   Fortitude: Armour and Shields.
 c - the cursed +0 cloak "Chained Together" (worn) {Self, Cun}
   (You found it on level 2 of the Lair of Beasts)

   It has a curse which improves the following skills: Introspection: Fighting
   and Spellcasting.
   Cunning:   Dodging and Stealth.
 G - the cursed +0 buckler of the Clairvoyant Sorrow (worn) {rN+ Will+, Self, Melee}
   (You found it on level 1 of the Lair of Beasts)

   rN:        It protects you from negative energy.
   Will:      It increases your willpower.
   It has a curse which improves the following skills: Introspection: Fighting
   and Spellcasting.
   Melee Combat: Short Blades, Long Blades, Axes, Maces & Flails, Polearms,
   Staves and Unarmed Combat.
 O - the cursed +2 pair of gloves of Ashenzari's Adversity (worn) {Cun, Self}
   (You found it on level 2 of the Shoals)

   It has a curse which improves the following skills: Cunning: Dodging and
   Stealth.
   Introspection: Fighting and Spellcasting.
 R - the cursed +1 helmet of Panopticon (worn) {Regen+, Self, Range}
   (You acquired it on level 3 of the Lair of Beasts)

   Regen:     It increases your rate of health regeneration.
   It has a curse which improves the following skills: Introspection: Fighting
   and Spellcasting.
   Ranged Combat: Ranged Weapons and Throwing.
Magical Staves
 y - the cursed staff of conjuration "Moon of the Cursed God" (weapon) {Self, Cun}
   (You found it on level 4 of the Shoals)

   [staff of conjuration]

   Your inability to study Conjurations prevents you from drawing on the full
   power of this staff in melee.
   Base accuracy: +5 Base damage: 5 Base attack delay: 1.2 This weapon's minimum
   attack delay (0.6) is reached at skill level 12.
   It falls into the 'Staves' category.
   It is a one-handed weapon.
   It has a curse which improves the following skills: Introspection: Fighting
   and Spellcasting.
   Cunning:   Dodging and Stealth.
Jewellery
 l - the cursed ring of Ashenzari's Augurer (left hand) {Will+, Self, Evo}
   (You bought it in a shop on level 2 of the Orcish Mines)

   [ring of willpower]

   Will:      It increases your willpower.
   It has a curse which improves the following skills: Introspection: Fighting
   and Spellcasting.
   Evocations: Evocations.
 q - the cursed ring "Prophetic Stickiness" (right hand) {AC+4, Self, Fort}
   (You found it on level 2 of the Dungeon)

   [ring of protection]

   AC:        It affects your AC (+4).
   It has a curse which improves the following skills: Introspection: Fighting
   and Spellcasting.
   Fortitude: Armour and Shields.
 s - the cursed amulet of Ashenzari's Monotheism (around neck) {Acrobat, Self, Cun}
   (You found it on level 3 of the Lair of Beasts)

   [amulet of the acrobat]

   It increases your evasion while moving and waiting.
   It has a curse which improves the following skills: Introspection: Fighting
   and Spellcasting.
   Cunning:   Dodging and Stealth.
 C - a ring of protection from cold
 I - a ring of wizardry
 J - a ring of ice
 L - a ring of protection from fire
 S - a ring of resist corrosion
Wands
 n - a wand of paralysis (22)
 H - a wand of roots (6)
 T - a wand of quicksilver (7)
 U - a wand of flame (63)
 V - a wand of polymorph (7)
 Y - a wand of mindburst (7)
Scrolls
 f - 5 scrolls of fog
 g - 6 scrolls of blinking
 i - a scroll of enchant armour
 t - 17 scrolls of teleportation
 u - 5 scrolls of immolation
 v - 5 scrolls of vulnerability
 w - 5 scrolls of enchant weapon
 x - 2 scrolls of summoning
 A - 5 scrolls of brand weapon
 B - 7 scrolls of magic mapping
 E - 5 scrolls of poison
 Q - 4 scrolls of silence
 X - 6 scrolls of fear
Potions
 b - 9 potions of lignification
 h - 8 potions of cancellation
 j - 8 potions of attraction
 m - 8 potions of mutation
 o - 7 potions of might
 p - 24 potions of curing
 r - a potion of resistance
 z - 10 potions of heal wounds
 D - 2 potions of brilliance
 F - 2 potions of berserk rage
 K - 4 potions of ambrosia
 M - 2 potions of haste
 W - 3 potions of invisibility
Miscellaneous
 Z - a phantom mirror


   Skills:
 - Level 22.7(27) Fighting
 + Level 9.2(12.8) Armour
 + Level 18.6(24.0) Dodging
 - Level 1.5(5.0) Stealth
 + Level 10.6(14.2) Shields
 - Level 18.6(27) Spellcasting


You knew the following spells:

 Your Spells              Type           Power      Damage    Failure   Level
a - Magic Dart            Conj           100%       1d8       0%          1
b - Searing Ray           Conj           100%       2d8       0%          2
c - Dazzling Flash        Conj/Hex       100%       N/A       0%          3
d - Fulminant Prism       Conj/Hex       66%        3d28      0%          4
e - Iskenderun's Mystic   Conj/Tloc      100%       2d19      0%          4
f - Sting                 Tmut/Pois      100%       1d8       0%          1
g - Lesser Beckoning      Tloc           100%       N/A       0%          2
h - Momentum Strike       Conj/Tloc      100%       3d10      0%          2
i - Gell's Gravitas       Tloc           100%       N/A       0%          3
j - Passage of Golubria   Tloc           100%       N/A       0%          4
k - Freezing Cloud        Conj/Ice/Air   66%        6-21      0%          5
l - Iron Shot             Conj/Erth      66%        9d12      0%          6
m - Conjure Ball Lightni  Conj/Air       66%        3x3d25    0%          6
n - Eringya's Noxious Bo  Tmut/Pois      54%        N/A       0%          6
o - Malign Gateway        Summ/Tloc      54%        N/A       0%          7
Your spell library was empty.

Dungeon Overview and Level Annotations

Branches:
Dungeon (15/15)            Temple (1/1) D:4            Lair (5/5) D:10
 Shoals (4/4) Lair:3       Spider (4/4) Lair:2        Slime (0/5) Lair:4
    Orc (2/2) D:12            Elf (0/3) Orc:2        Vaults (4/5) D:13
  Crypt (0/3) Vaults:2     Depths (2/4) D:15

Altars:
Ashenzari
Dithmenos
Elyvilon
Fedhas
Hepliaklqana
Makhleb
Nemelex Xobeh
Uskayaw
Wu Jian
Xom
Yredelemnul
Zin
Jiyva

Shops:
D:2 *   D:8 *   D:13 :   Orc:1 ?[   Orc:2 **(*   Shoals:1 [

Portals:
Hell: Depths:1

Annotations:
D:4 1 runed translucent door, Crazy Yiuf
D:5 1 runed translucent door
D:7 Maggie
D:10 5 runed translucent doors
Lair:4 1 runed translucent door
Spider:4 Roxanne
Vaults:4 3 runed translucent doors, Yhaurph's ghost, adept MiFi
Depths:2 Josephina


Innate Abilities, Weirdness & Mutations

You are immune to sickness and miasma.
You are immune to poison.
Your flesh is very heat resistant. (rF++)
You are vulnerable to cold. (rC-)
You float through the air rather than walking.
You learn spells naturally, not from books.
Your magical power is your life essence.
You have superior vitality. (+4 MHP)


Message History

Casting: Iron Shot (safe; 0% risk of failure)
Confirm with . or Enter, or press ? or * to list all spells.
Aiming: Iron Shot (safe; 0% risk of failure)
Press: ? - help, Shift-Dir - straight line, f - stone giant
Aim: a stone giant, quivering large rocks (asleep, 100% to hit)
You feel a surge of power!
The iron shot hits the stone giant!!!
The stone giant is heavily wounded.
The stone giant shouts!
Casting: Iron Shot (safe; 0% risk of failure)
Confirm with . or Enter, or press ? or * to list all spells.
Aiming: Iron Shot (safe; 0% risk of failure)
Press: ? - help, Shift-Dir - straight line, f/p - stone giant
Aim: a stone giant, quivering large rocks (heavily wounded, 100% to hit)
You feel a surge of power!
The iron shot hits the stone giant!!!
You kill the stone giant!
You start resting.
HP restored.
You now have 3074 gold pieces (gained 33).
A frost giant is nearby!
The frost giant gestures at you while chanting.
The bolt of cold misses you.
Casting: Iron Shot (safe; 0% risk of failure)
Confirm with . or Enter, or press ? or * to list all spells.
Aiming: Iron Shot (safe; 0% risk of failure)
Press: ? - help, Shift-Dir - straight line, f - frost giant
Aim: a frost giant, wielding a +0 battleaxe of freezing (98% to hit)
You feel a surge of power!
The iron shot hits the frost giant!!!
The frost giant is heavily wounded.
Casting: Iron Shot (safe; 0% risk of failure)
Confirm with . or Enter, or press ? or * to list all spells.
Aiming: Iron Shot (safe; 0% risk of failure)
Press: ? - help, Shift-Dir - straight line, f/p - frost giant
Aim: a frost giant, wielding a +0 battleaxe of freezing (heavily wounded, 98% to hit)
You feel a surge of power!
The iron shot hits the frost giant!!!
The frost giant is almost dead.
Casting: Iron Shot (safe; 0% risk of failure)
Confirm with . or Enter, or press ? or * to list all spells.
Aiming: Iron Shot (safe; 0% risk of failure)
Press: ? - help, Shift-Dir - straight line, f/p - frost giant
Aim: a frost giant, wielding a +0 battleaxe of freezing (almost dead, 98% to hit)
You feel a surge of power!
The iron shot hits the frost giant!!!
You kill the frost giant!
There is a stone staircase leading up here.
Casting: Iron Shot (safe; 0% risk of failure)
Confirm with . or Enter, or press ? or * to list all spells.
Aiming: Iron Shot (safe; 0% risk of failure)
Press: ? - help, Shift-Dir - straight line, f - ettin
Aim: an ettin, wielding two +0 dire flails (96% to hit)
You feel a surge of power!
The iron shot hits the ettin!!!
The ettin is severely wounded.
Casting: Iron Shot (safe; 0% risk of failure)
Confirm with . or Enter, or press ? or * to list all spells.
Aiming: Iron Shot (safe; 0% risk of failure)
Press: ? - help, Shift-Dir - straight line, f/p - ettin
Aim: an ettin, wielding two +0 dire flails (severely wounded, 96% to hit)
You feel a surge of power!
The iron shot hits the ettin!!!
You kill the ettin!
You start resting.
HP restored.
You see here a +0 battleaxe of freezing.
Found an escape hatch in the ceiling.
You now have 3109 gold pieces (gained 35).
A - 5 scrolls of brand weapon (gained 1)
Found a stone staircase leading down.
There is an escape hatch in the ceiling here.
Josephina the Ice-Lich comes into view.
She is wielding a staff of cold and wearing the ring "Yhar" {Ice rPois Dex+3}.
Josephina points at you and mumbles some strange words.
The ghostly flame explodes!
The ghostly fireball engulfs you! You partially resist.
You feel drained.
You hear a shout!
Josephina points at you and mumbles some strange words.
The ghostly flame explodes!
The ghostly fireball engulfs you!! You partially resist.
You feel drained.
Casting: Iron Shot (safe; 0% risk of failure)
Confirm with . or Enter, or press ? or * to list all spells.
You can't see any susceptible monsters within range! (Use Z to cast anyway.) Josephina casts a spell.
The spriggan air mage simulacrum collapses into a mass of ice!
The mass of ice explodes!
The seracfall engulfs you!!!!
You feel a painful chill!
Ouch! That really hurt!
* * * LOW HITPOINT WARNING * * *
Casting: Iron Shot (safe; 0% risk of failure)
Confirm with . or Enter, or press ? or * to list all spells.
Aiming: Iron Shot (safe; 0% risk of failure)
Press: ? - help, Shift-Dir - straight line, f - Josephina
Aim: Josephina, wielding a staff of cold, wearing a +2 robe and wearing the ring "Yhar" {Ice rPois Dex+3} (53% to hit)
You feel a surge of power!
The iron shot hits Josephina!!!
Josephina is moderately damaged.
* * * LOW HITPOINT WARNING * * *
As you read the scroll of teleportation, it crumbles to dust.
You feel strangely unstable.
Unknown command.
You feel much better. The juggernaut simulacrum hits you!!!
* * * LOW HITPOINT WARNING * * *
The juggernaut simulacrum freezes you!!!
You feel a terrible chill!
* * * LOW HITPOINT WARNING * * *
The juggernaut simulacrum hits you!
You die...

#..# #...... { {~ +.........
#..##.......*{ {~{~#.........
#####...........*,~ ~{#.........
....)..Z<..Z....*{~, {,#.........
###.....Z.....Z.########....(....
*#..ZZ.C........................
#.............................. *
#............L..........).<....
*#....C...$...Z@.........)......
*#..............................
*,#..............................
,{ , #########>.........[.... * ,
,, #............... , ,,
,,,#............... *,* , ,*** **
#............... *, , , , ,
#............... , * ,,∩
,,#...............


You could see Josephina, a golden dragon simulacrum, a stone giant simulacrum
and a juggernaut simulacrum.

Vanquished Creatures
  Mara (Spider:3)
  Bai Suzhen (Spider:4)
  A caustic shrike (Depths:2)
  Nikola (Spider:3)
  Arachne (Spider:2)
  Jorgrun (Spider:3)
  Asterion (Spider:4)
  Rupert (Lair:4)
  Frances (Spider:2)
  Polyphemus (Shoals:2)
  A kraken (Shoals:2)
  3 sphinxes
  Ilsuiw (Shoals:2)
  Donald (Vaults:1)
  3 frost giants
  14 vault wardens
  2 emperor scorpions (Spider:4)
  2 fire giants
  7 ghost moths
  2 orc warlords
  A balrug (Depths:1)
  7 ironbound thunderhulks
  12 very ugly things
  A broodmother (Spider:2)
  3 war gargoyles
  19 ironbound preservers
  7 stone giants
  A vampire knight (Depths:1)
  7 spark wasps
  16 dire elephants
  A deep elf annihilator (Vaults:4)
  3 ettins
  An eidolon (Depths:2)
  Snorg (D:12)
  6 merfolk impalers
  4 merfolk javelineers
  5 crystal guardians
  11 vault guards
  8 yaktaur captains
  3 rakshasas
  9 great orbs of eyes
  A fire dragon (Depths:2)
  3 ice dragons
  6 entropy weavers
  2 hydras (Lair:5)
  6 peacekeepers
  14 ironbound frosthearts
  2 jorogumos
  3 ogre magi
  17 centaur warriors
  A spriggan air mage (Depths:1)
  2 alligator snapping turtles (Shoals:4)
  2 radroaches
  7 boulder beetles
  2 satyrs
  7 two-headed ogres
  3 catoblepae
  4 merfolk avatars
  2 merfolk aquamancers
  9 death yaks
  3 tengu warriors
  5 deep troll shamans
  5 deep troll earth magi (Depths:1)
  A spriggan berserker (Depths:1)
  A sun demon (Depths:1)
  5 orc high priests (Orc:2)
  2 spriggans (Depths:1)
  A fire crab (D:10)
  3 skysharks
  3 iron trolls (Depths:1)
  A pharaoh ant (Spider:4)
  8 sea snakes
  55 deep trolls
  5 steelbarb worms
  7 orb spiders
  8 wizards
  27 harpies
  12 ironbound convokers
  An orange crystal statue (Depths:1)
  7 orc knights
  A deep elf zephyrmancer (Depths:2)
  10 lindwurms
  2 phantasmal warriors
  3 necromancers
  3 deep elf pyromancers
  5 orc sorcerers
  20 wolf spiders
  4 cyclopes
  19 manticores
  4 moths of wrath
  3 fauns (Shoals:1)
  44 ugly things
  2 demonic crawlers (Spider:3)
  7 elephants
  5 black mambas
  6 torpor snails
  7 merfolk sirens
  2 centaur zombies (D:15)
  7 water nymphs
  A smoke demon (Depths:1)
  3 naga magi
  15 vault sentinels
  12 cane toads
  A gargoyle (D:13)
  2 rime drakes (Lair:4)
  3 unseen horrors
  A centaur skeleton (D:15)
  13 komodo dragons
  2 kobold demonologists
  34 yaktaurs
  5 tengu conjurers
  22 merfolk
  2 meliai
  3 hornets
  9 polar bears
  8 trolls
  A wolf spider simulacrum (D:15)
  19 tarantellas
  18 blink frogs
  12 dream sheep (Lair:5)
  3 wind drakes
  10 snapping turtles
  36 slime creatures
  4 centaur simulacra
  14 jumping spiders
  A vampire (D:14)
  A yak (shapeshifter) (Vaults:4)
  7 water elementals
  13 culicivoras
  44 yaks
  4 wyverns
  Eustachio (D:5)
  5 basilisks
  A hog (Depths:2)
  2 golden eyes (Depths:2)
  4 wraiths
  2 steam dragons
  44 redbacks
  4 wargs
  2 acid dragons
  14 water moccasins
  A meliai simulacrum (D:14)
  4 sky beasts
  28 orc warriors
  5 black bears
  12 ogres
  4 ice beasts
  12 centaurs
  6 boggarts
  11 wolves
  A centaur (shapeshifter) (Vaults:3)
  A phantom (D:6)
  6 kobold brigands
  An elf simulacrum (Vaults:1)
  12 bullfrogs
  2 gnoll sergeants (D:8)
  13 scorpions
  A hornet simulacrum (D:15)
  9 wights
  3 killer bees
  A vampire bat (Depths:2)
  4 howler monkeys
  6 electric eels
  6 jellies
  30 orc priests
  5 hounds
  3 iguanas
  3 sleepcaps
  37 orc wizards
  A gnoll (shapeshifter) (Vaults:3)
  11 adders
  A gnoll (Orc:1)
  3 shadow imps
  5 white imps
  2 ufetubi (D:14)
  5 worms
  2 dart slugs
  95 orcs
  5 ball pythons
  6 bats
  6 endoplasms
  2 giant cockroaches
  7 hobgoblins
  3 jackals (D:2)
  6 quokkas
  5 goblins
  33 kobolds
  6 rats
  A fulminant prism (D:14)
1413 creatures vanquished.

Vanquished Creatures (collateral kills)
  2 ball lightnings (Vaults:1)
2 creatures vanquished.

Vanquished Creatures (others)
  An eldritch tentacle (Vaults:4)
  A war gargoyle (Vaults:4)
  A spriggan simulacrum (Depths:2)
  A ball lightning (Vaults:1)
  674 fulminant prisms
  47 fungi
  125 plants
  7 tentacles (Shoals:2)
  4 toadstools (D:5)
  3 withered plants (Depths:2)
864 creatures vanquished.

Grand Total: 2279 creatures vanquished

Notes
Turn   | Place    | Note
-------+----------+-------------------------------------------
     0 | D:1      | Firecrotchwizard the Djinni Conjurer began the quest for
                  | the Orb.
     0 | D:1      | Firecrotchwizard set off with the following spells
                  | memorised: Magic Dart, Searing Ray, Dazzling Flash,
                  | Fulminant Prism, Iskenderun's Mystic Blast.
     0 | D:1      | Reached XP level 1. HP: 15/15 MP: 0/0
   141 | D:1      | Reached XP level 2. HP: 21/21 MP: 0/0
   339 | D:1      | You are sucked into a shaft and drop 1 floor!
   781 | D:1      | Reached XP level 3. HP: 23/25 MP: 0/0
   781 | D:1      | Learned a level 1 spell: Sting
  1329 | D:2      | Found Ytitt's General Store.
  1552 | D:2      | Reached XP level 4. HP: 17/31 MP: 0/0
  2351 | D:3      | Reached XP level 5. HP: 33/36 MP: 0/0
  2351 | D:3      | Learned a level 2 spell: Lesser Beckoning
  2436 | D:3      | Reached skill level 1 in Fighting
  2568 | D:4      | Reached XP level 6. HP: 21/43 MP: 0/0
  2687 | D:4      | Reached skill level 2 in Fighting
  2816 | D:4      | Reached skill level 5 in Spellcasting
  2994 | D:4      | Found a staircase to the Ecumenical Temple.
  3003 | Temple   | Entered the Ecumenical Temple
  3007 | Temple   | Became a worshipper of Ashenzari the Shackled
  3017 | D:4      | Found a hide-covered altar of Uskayaw.
  3020 | D:4      | Noticed an orc warrior
  3030 | D:4      | Killed an orc warrior
  3031 | D:4      | Reached skill level 3 in Fighting
  3031 | D:4      | Reached XP level 7. HP: 9/50 MP: 0/0
  3031 | D:4      | Learned a level 2 spell: Momentum Strike
  3287 | D:4      | Found a runed translucent door.
  3288 | D:4      | Noticed Crazy Yiuf
  3488 | D:4      | Noticed a +0 spear
  3491 | D:4      | Noticed a +0 dagger
  3581 | D:4      | Noticed a +0 short sword
  3581 | D:4      | Noticed a +0 short sword
  3581 | D:4      | Noticed a +0 falchion
  3581 | D:4      | Noticed a +0 falchion
  3582 | D:4      | Noticed a +0 dagger
  3582 | D:4      | Noticed a +0 spear
  3974 | D:5      | Entered Level 5 of the Dungeon
  4040 | D:5      | Reached skill level 4 in Fighting
  4140 | D:5      | Found a shadowy altar of Dithmenos.
  4205 | D:5      | Found a runed translucent door.
  4205 | D:5      | Noticed a human
  4214 | D:5      | Found a basalt altar of Yredelemnul.
  4523 | D:5      | Reached XP level 8. HP: 51/58 MP: 0/0
  4579 | D:5      | Noticed Eustachio
  4593 | D:5      | Killed Eustachio
  4859 | D:5      | Found a glowing silver altar of Zin.
  4861 | D:5      | Found a hazy altar of Hepliaklqana.
  4943 | D:5      | Reached skill level 5 in Fighting
  5451 | D:6      | Reached skill level 5 in Dodging
  5630 | D:6      | Reached XP level 9. HP: 56/66 MP: 0/0
  5630 | D:6      | Learned a level 3 spell: Gell's Gravitas
  5654 | D:6      | Reached skill level 6 in Fighting
  6306 | D:6      | Identified the +2 leather armour "Tuympuf" {Regen+ Int-5
                  | Dex+5}
  6354 | D:6      | Reached skill level 7 in Fighting
  6595 | D:7      | Noticed Maggie
  6741 | D:7      | Noticed a hornet
  6752 | D:7      | Killed a hornet
  6928 | D:7      | Reached XP level 10. HP: 69/76 MP: 0/0
  7476 | D:8      | Reached skill level 8 in Fighting
  8279 | D:8      | Reached skill level 9 in Fighting
  8797 | D:8      | Found Aluratty's General Store.
  8805 | D:8      | Bought a potion of curing for 33 gold pieces
  8805 | D:8      | Bought a potion of haste for 110 gold pieces
  8903 | D:8      | Found a shimmering altar of Xom.
  8903 | D:8      | Found a blossoming altar of Fedhas.
  9230 | D:9      | Reached XP level 11. HP: 75/85 MP: 0/0
  9230 | D:9      | Learned a level 4 spell: Passage of Golubria
  9294 | D:9      | Noticed a two-headed ogre
  9431 | D:9      | Killed a two-headed ogre
  9547 | D:7      | Reached * piety under Ashenzari
  9715 | D:9      | Reached skill level 10 in Fighting
 10076 | D:10     | Entered Level 10 of the Dungeon
 10116 | D:10     | Found a runed translucent gate.
 10117 | D:10     | Found a runed translucent gate.
 10118 | D:10     | Found a runed translucent door.
 10121 | D:10     | Found the +9 staff of Olgreb {rPois∞}
 10126 | D:10     | Found a runed translucent door.
 10183 | D:10     | Found a runed translucent gate.
 10197 | D:10     | Noticed a fire crab
 10199 | D:10     | Found a staircase to the Lair.
 10212 | D:10     | Killed a fire crab
 11395 | Lair:1   | Entered Level 1 of the Lair of Beasts
 11424 | Lair:1   | Reached skill level 11 in Fighting
 12296 | D:10     | Reached skill level 1 in Shields
 12321 | Lair:1   | Reached XP level 12. HP: 51/96 MP: 0/0
 12402 | Lair:1   | Reached skill level 10 in Spellcasting
 13112 | Lair:1   | Identified the +0 buckler "Dusi Fiw" {rN+ Will+}
 13117 | Lair:1   | Identified the +5 scale mail of the Irksome God {rN++ Int+3
                  | Stlth-}
 13749 | Lair:2   | Reached ** piety under Ashenzari
 13775 | Lair:2   | Reached skill level 12 in Fighting
 14551 | Lair:2   | Found a hole to the Spider Nest.
 14564 | Lair:2   | Reached *** piety under Ashenzari
 15247 | Lair:3   | Noticed a catoblepas
 15257 | Lair:3   | Killed a catoblepas
 15490 | Lair:3   | Identified a scroll of acquirement
 15499 | Lair:3   | Acquired the +1 helmet of the Dancing Gods {Regen+}
 15509 | Lair:3   | Found a staircase to the Shoals.
 15551 | Lair:3   | Reached XP level 13. HP: 98/106 MP: 0/0
 15551 | Lair:3   | Learned a level 5 spell: Freezing Cloud
 15963 | Lair:3   | Identified the +4 ring mail of Midnight {rPois rN+}
 16250 | Lair:4   | Reached skill level 13 in Fighting
 16442 | Lair:4   | Reached skill level 5 in Shields
 17230 | Lair:4   | Found a runed translucent door.
 17230 | Lair:4   | Found a viscous altar of Jiyva.
 17252 | Lair:4   | Identified the Compendium of Turbulence
 17265 | Lair:4   | Noticed Rupert
 17278 | Lair:4   | Killed Rupert
 17499 | Lair:4   | Found a staircase to the Slime Pits.
 17593 | Lair:5   | Entered Level 5 of the Lair of Beasts
 17905 | Lair:5   | Reached skill level 10 in Dodging
 18055 | Lair:5   | Noticed an eight-headed hydra
 18061 | Lair:5   | Reached skill level 14 in Fighting
 18061 | Lair:5   | Reached XP level 14. HP: 110/116 MP: 0/0
 18333 | Lair:5   | Identified the +10 chain mail of Hepliaklqana {Int+5}
 19674 | Lair:5   | Identified the +4 double sword of the Wizarding Eel {chaos,
                  | *Slow Str+4 Dex+3}
 20044 | D:11     | Reached skill level 15 in Fighting
 20074 | D:11     | Found a frozen archway.
 20179 | D:11     | Identified the Discursus on Disjunct Fog
 20395 | D:11     | Found a burning altar of Makhleb.
 20395 | D:11     | Noticed a cacodemon
 21134 | D:12     | Noticed Snorg
 21162 | D:12     | Killed Snorg
 21198 | D:12     | Found a staircase to the Orcish Mines.
 21220 | D:12     | Reached XP level 15. HP: 125/127 MP: 0/0
 21220 | D:12     | Learned a level 6 spell: Iron Shot
 22099 | D:13     | Found a gate to the Vaults.
 22129 | D:13     | Found Wygeojiek's Book Boutique.
 22386 | D:13     | Found a white marble altar of Elyvilon.
 23787 | D:14     | Found a shimmering altar of Xom.
 24136 | D:15     | Entered Level 15 of the Dungeon
 24389 | D:15     | Reached skill level 16 in Fighting
 24929 | D:15     | Reached XP level 16. HP: 90/137 MP: 0/0
 24980 | D:15     | Reached skill level 1 in Armour
 25010 | D:15     | Found a staircase to the Depths.
 25172 | Orc:1    | Entered Level 1 of the Orcish Mines
 25241 | Orc:1    | Found Tyrchum's Antique Armour Boutique.
 25456 | Orc:1    | Found Sasiq's Magic Scroll Emporium.
 25465 | Orc:1    | Bought a scroll of enchant armour for 97 gold pieces
 25927 | Orc:2    | Entered Level 2 of the Orcish Mines
 26436 | Orc:2    | Found Gapn's Weapon Shop.
 26436 | Orc:2    | Found Ixuf's General Store.
 26437 | Orc:2    | Found Arel's Assorted Antiques.
 26441 | Orc:2    | Found Pablo's Assorted Antiques.
 26445 | Orc:2    | Bought a twisted long sword for 238 gold pieces
 26445 | Orc:2    | Identified the +6 long sword "Beonk" {flame, MP+9 Str+6}
                  | (You bought it in a shop on level 2 of the Orcish Mines)
 26445 | Orc:2    | Bought a silver ring for 140 gold pieces
 26448 | Orc:2    | Bought a jewelled short sword for 208 gold pieces
 26448 | Orc:2    | Identified the +10 short sword of Eternal Harmony {protect,
                  | Drain rN+ Int+2} (You bought it in a shop on level 2 of the
                  | Orcish Mines)
 26468 | Orc:2    | Found a staircase to the Elven Halls.
 26499 | Orc:2    | Reached **** piety under Ashenzari
 26956 | Lair:1   | Reached ***** piety under Ashenzari
 27014 | Shoals:1 | Entered Level 1 of the Shoals
 27031 | Shoals:1 | Found Teesix's Antique Armour Shoppe.
 27908 | Shoals:2 | Noticed Ilsuiw
 27944 | Shoals:2 | Reached skill level 17 in Fighting
 28055 | Shoals:2 | Noticed Polyphemus
 28283 | Shoals:2 | Noticed a kraken
 28292 | Shoals:2 | Killed a kraken
 28307 | Shoals:2 | Killed Ilsuiw
 29008 | Shoals:2 | Killed Polyphemus
 29671 | Shoals:3 | Reached XP level 17. HP: 125/156 MP: 0/0
 29671 | Shoals:3 | Learned a level 6 spell: Conjure Ball Lightning
 30534 | Shoals:4 | Entered Level 4 of the Shoals
 30539 | Shoals:4 | Reached skill level 5 in Armour
 30737 | Shoals:4 | Identified the +4 spear of Egusakij {heavy, Str+3}
 31018 | Shoals:4 | Reached skill level 18 in Fighting
 31192 | Shoals:4 | Reached skill level 15 in Spellcasting
 31628 | Shoals:4 | Got a barnacled rune of Zot
 31983 | Spider:1 | Entered Level 1 of the Spider Nest
 32527 | Spider:1 | Reached XP level 18. HP: 142/165 MP: 0/0
 33262 | Spider:2 | Noticed Frances
 33270 | Spider:2 | Killed Frances
 33496 | Spider:2 | Noticed Arachne
 33504 | Spider:2 | Killed Arachne
 33682 | Spider:3 | Noticed Nikola
 33687 | Spider:3 | Killed Nikola
 33700 | Spider:3 | Noticed Jorgrun
 33864 | Spider:3 | Noticed Mara
 33874 | Spider:3 | Killed Mara
 33949 | Spider:3 | Killed Jorgrun
 33951 | Spider:3 | Reached skill level 19 in Fighting
 34309 | Spider:4 | Entered Level 4 of the Spider Nest
 34345 | Spider:4 | Noticed Asterion
 34348 | Spider:4 | Noticed an Executioner
 34659 | Spider:4 | Noticed Bai Suzhen
 34667 | Spider:4 | Killed Bai Suzhen
 34668 | Spider:4 | Reached XP level 19. HP: 132/174 MP: 0/0
 34668 | Spider:4 | Learned a level 6 spell: Eringya's Noxious Bog
 34825 | Spider:4 | Killed Asterion
 34894 | Spider:4 | Identified the +0 hat of the Scorching Gods {rElec rCorr}
 34909 | Spider:4 | Got a gossamer rune of Zot
 34927 | Spider:4 | Reached ****** piety under Ashenzari
 35074 | Spider:4 | Identified Roxanne's Spellbook of Terrain
 35074 | Spider:4 | Noticed Roxanne
 35204 | Spider:4 | Reached skill level 15 in Dodging
 35578 | Vaults:1 | Entered Level 1 of the Vaults
 35846 | Vaults:1 | Reached skill level 20 in Fighting
 36675 | Vaults:1 | Reached XP level 20. HP: 159/181 MP: 0/0
 37206 | Vaults:1 | Noticed Donald
 37215 | Vaults:1 | Killed Donald
 37626 | Vaults:2 | Reached skill level 21 in Fighting
 38493 | Vaults:2 | Found a staircase to the Crypt.
 38493 | Vaults:2 | Found a basalt altar of Yredelemnul.
 38811 | Vaults:3 | Reached XP level 21. HP: 182/187 MP: 0/0
 38811 | Vaults:3 | Learned a level 7 spell: Malign Gateway
 39869 | Vaults:3 | Reached skill level 22 in Fighting
 40802 | Vaults:4 | Found a runed translucent gate.
 40803 | Vaults:4 | Found a runed translucent gate.
 40803 | Vaults:4 | Found a runed translucent gate.
 41213 | Vaults:4 | Reached XP level 22. HP: 176/194 MP: 0/0
 41847 | Vaults:4 | Noticed Yhaurph's ghost (adept MiFi)
 42117 | Depths:1 | Entered Level 1 of the Depths
 43047 | Depths:1 | Identified the staff of cold "Onud" {rC+ rCorr}
 43541 | Depths:1 | Identified the Anthology of the Boggart
 43543 | Depths:1 | Found a gateway to Hell.
 43564 | Depths:1 | Reached skill level 10 in Shields
 43618 | Depths:2 | Identified the Thoughts on Reconstruction
 43815 | Depths:2 | Identified the Octavo of Glamour
 43861 | Depths:2 | Noticed a caustic shrike
 43868 | Depths:2 | Killed a caustic shrike
 44244 | Depths:2 | Identified the ring "Yhar" {Ice rPois Dex+3}
 44244 | Depths:2 | Noticed Josephina
 44250 | Depths:2 | HP: 5/183 [juggernaut simulacrum[Josephina] (40)]
 44250 | Depths:2 | Mangled by a juggernaut simulacrum

Illustrated notes

Levels and vault maps discovered:
D:1:      denvon_arrival_planthouse, layout_basic, corner_web_ring,
          grunt_decor_arrowhead, minmay_misc_feat_enclosed, minmay_box_of_dots
D:2:      layout_rooms, serial_shops, shop, supply_closet_lemuel,
          grunt_decor_mini_mirrors
D:3:      layout_basic
D:4:      layout_loops_corners, nicolae_uskayaw_en_pointe,
          minmay_temple_entry_gardened_gates, minmay_misc_feat_columns,
          grunt_ministairs_2, uniq_crazy_yiuf_cottage
D:5:      layout_cave_pods, dk_yredelemnul_ordeal, minitemple,
          mainiacjoe_overflow_swirl, minmay_gold_behind_fungi,
          hangedman_abyss_or_decor_jellyfish_corner, hangedman_decor_riveting,
          uniq_eustachio
D:6:      minmay_spotlight, layout_rooms
D:7:      layout_cave_pools, uniq_maggie
D:8:      layout_basic, mainiacjoe_overflow_large_starburst,
          minmay_shop_grid_forest, minmay_joined_circles
D:9:      layout_roguey
D:10:     layout_grid_maze, minmay_lair_entry_lava, minivault_24,
          minmay_guarded_unrand_staff_of_olgreb
D:11:     layout_rooms, portal_ice_cave_entry_pillars_2,
          makhleb_altar_promises_db
D:12:     layout_basic, david_orc_1_choice, kennysheep_another_room, uniq_snorg
D:13:     layout_big_octagon, david_vaults_1, serial_shops, shop,
          elyvilon_altar_5
D:14:     layout_rooms, lemuel_crystal_altar, serial_ice, serial_ice_a,
          serial_ice_h, serial_ice_b, serial_ice_i, serial_ice_n, serial_ice_o,
          serial_ice_c, serial_ice_m
D:15:     grunt_enter_depths_magical_seal, layout_rooms, nrook_campfire,
          minmay_misc_feat_roman
Temple:   zaba_magenta_temple
Lair:1:   layout_chaotic_city, patterned_corridor, serial_bayou_shore_a,
          serial_bayou_shore_b
Lair:2:   layout_regular_city, nicolae_spider_entry_non_spiders
Lair:3:   layout_hall_layers, elwin_shoals_entry_rocks, beast_lair_carwin_6,
          serial_bayou_shore_b, lemuel_fruit_tree
Lair:4:   layout_cave_shapes, slime_entry_2, lemuel_fruit_fields,
          grunt_megastairs_2, serial_bayou_shore_b, infiniplex_staircase_pool,
          uniq_rupert
Lair:5:   grunt_lair_end_beastmaster, layout_gridlike
Shoals:1: layout_shoals, serial_shops, nicolae_shop_window_shopping
Shoals:2: layout_shoals, uniq_ilsuiw, uniq_polyphemus
Shoals:3: layout_shoals, nzn_prometheus_bound
Shoals:4: shoals_end_hangedman, layout_shoals
Spider:1: layout_chambers, nicolae_spider_claw_tunnel
Spider:2: layout_spider_delve, uniq_arachne, uniq_frances
Spider:3: layout_spider_delve, nicolae_spider_wall_of_niches, uniq_nikola,
          uniq_mara, uniq_jorgrun
Spider:4: grunt_spider_rune_parallel, uniq_roxanne, uniq_bai_suzhen,
          uniq_asterion
Orc:1:    layout_caves, serial_shops, nicolae_square_shop, nicolae_square_shop,
          minmay_orc_temple_b
Orc:2:    st_orc_mages, layout_caves
Vaults:1: nicolae_vaults_minivaults, vaults_room_fours, vaults_mumra_hex,
          v_pattern_5, v_rooms_1, nicolae_vaults_big_ls, v_misc_3,
          vaults_room_pool, vaults_room_grid, v_misc_13, vaults_room_pool,
          vaults_room_pools, layout_vaults_omnicross, uniq_donald
Vaults:2: minmay_crypt_entry_necro_gods, hangedman_vaults_corner,
          hangedman_vaults_slice, vaults_room_corners, nicolae_vaults_alarming,
          hangedman_vaults_maws, layout_vaults_big_room
Vaults:3: grunt_vaults_twisty, grunt_vaults_hallway_short,
          ontoclasm_vaults_tryst, v_misc_5,
          nicolae_vaults_good_morning_starshine, grunt_vaults_focal,
          vaults_dpeg_doors, v_misc_30, vaults_dpeg_cross, vaults_room_fours,
          vaults_room_door_ring, ontoclasm_vaults_chip, grunt_vaults_diagonal,
          nicolae_vaults_yaktaur_gun_rack, layout_vaults_omnibox, uniq_margery
Vaults:4: gammafunk_ghost_necromancy, vaults_standard_mumra_x,
          nicolae_vaults_ring_of_whatevers, vaults_room_large_hall, st_squares,
          v_misc_5, hangedman_vaults_pinch, vaults_mumra_minichess_inversion,
          ontoclasm_vaults_ring_small, v_misc_22, ontoclasm_vaults_spin,
          vaults_room_door_ring, layout_vaults_ring
Depths:1: layout_gridlike, lightli_too_deep, vehumet_crystals, st_stairs_11,
          horrible_house_mu
Depths:2: nzn_winding_woodlands_small [nzn_winding_woodlands_5x15_sidewinder,
          nzn_winding_woodlands_center_diamonds,
          nzn_winding_woodlands_5x15_cabin], layout_cave_shapes, hell_entry,
          serial_hangedman_research, hangedman_research_pyrotechnics,
          hangedman_research_metamorphosis, hangedman_research_thermodynamics,
          hangedman_research_convocations, hangedman_research_probablistics,
          hangedman_research_toxicology, kiku_gazebo_garden_becter,
          gammafunk_ghost_tricky_traps, rand_demon_pan_entry_1, uniq_josephina

Skill      XL: |  1  2  3  4  5  6  7  8  9 10 11 12 13 14 15 16 17 18 19 20 21 22 |
---------------+-------------------------------------------------------------------+-----
Spellcasting   | 4 5 6 7 8 9 11 12 13 14 15 16 17 18 | 18.6
Fighting       | 1 3 4 5 7 9 11 12 14 15 16 17 18 19 20 21 22 | 22.7
Dodging        | 3 4 5 6 7 8 9 10 11 12 13 14 15 16 17 18 | 18.6
Shields        | 1 4 6 7 8 10 | 10.6
Armour         | 4 6 7 9 |  9.2
Stealth        | |  1.5

Action                     |  1- 3 |  4- 6 |  7- 9 | 10-12 | 13-15 | 16-18 | 19-21 | 22-24 || total
---------------------------+-------+-------+-------+-------+-------+-------+-------+-------++-------
  Melee: Rapier            |       |       |     2 |     6 |     6 |    17 |       |       ||    31
         Staff             |       |       |       |       |       |     1 |     1 |       ||     2
   Cast: Magic Dart        |    57 |    95 |   125 |   156 |   219 |   265 |    65 |     9 ||   991
         Searing Ray       |     2 |     4 |    37 |    71 |   110 |    20 |     1 |       ||   245
         Fulminant Prism   |       |     3 |    15 |   122 |   285 |   218 |    33 |     7 ||   683
         Dazzling Flash    |       |       |     1 |       |       |       |       |       ||     1
         Sting             |       |       |     5 |       |       |       |       |       ||     5
         Iskenderun's Myst |       |       |       |     7 |    44 |    11 |     4 |       ||    66
         Passage of Golubr |       |       |       |       |    13 |     1 |       |       ||    14
         Iron Shot         |       |       |       |       |     3 |   349 |   471 |   187 ||  1010
         Freezing Cloud    |       |       |       |       |     2 |    19 |    49 |    19 ||    89
         Conjure Ball Ligh |       |       |       |       |       |     1 |     1 |       ||     2
         Malign Gateway    |       |       |       |       |       |       |     1 |       ||     1
         Eringya's Noxious |       |       |       |       |       |       |       |     1 ||     1
 Invoke: Curse Item        |       |       |       |     4 |     1 |     4 |     2 |       ||    11
         Shatter the Chain |       |       |       |     1 |       |       |     1 |       ||     2
  Evoke: Wand              |       |       |     3 |       |     2 |       |       |       ||     5
    Use: Scroll            |       |     2 |    10 |     3 |     2 |     2 |     1 |     2 ||    22
         Potion            |       |       |       |       |     1 |     2 |       |     1 ||     4
 Armour: Robe              |     1 |     4 |    26 |    27 |    19 |       |       |       ||    77
         Troll leather arm |       |       |       |       |    32 |    50 |    21 |    16 ||   119
  Dodge: Dodged            |     4 |     8 |    51 |   102 |   167 |   219 |   116 |    51 ||   718
  Block: Buckler           |       |       |       |     9 |    68 |    66 |    32 |    15 ||   190

Table legend: (Time is in decaauts)
 A = Elapsed time spent in this place.
 B = Non-inter-level travel time spent in this place.
 C = Inter-level travel time spent in this place.
 D = Time resting spent in this place.
 E = Time spent auto-exploring this place.
 F = Levels seen in this place.
 G = Mean time per level.
                   A        B        C        D        E       F      G
               +--------+--------+--------+--------+--------+-----+--------+
         Total |  44299 |  41815 |   2484 |  13764 |  21254 |  37 | 1197.3 |
       Dungeon |  17889 |  16784 |   1105 |   5969 |   8713 |  15 | 1192.6 |
        Temple |      8 |      4 |      4 |      0 |      0 |   1 |    8.0 |
          Lair |   7794 |   7325 |    469 |   3162 |   3009 |   5 | 1558.8 |
        Shoals |   4938 |   4660 |    278 |   1544 |   2356 |   4 | 1234.5 |
   Spider Nest |   3464 |   3333 |    131 |    548 |   2182 |   4 |  866.0 |
  Orcish Mines |   1634 |   1569 |     65 |    355 |    791 |   2 |  817.0 |
        Vaults |   6436 |   6155 |    281 |   1573 |   3349 |   4 | 1609.0 |
        Depths |   2132 |   1984 |    148 |    613 |    854 |   2 | 1066.0 |
               +--------+--------+--------+--------+--------+-----+--------+

Top non-repeatable levels by time:
    D:10: 2259 daAuts
  Lair:5: 2206 daAuts
Vaults:1: 1995 daAuts
  Lair:2: 1803 daAuts
Vaults:3: 1739 daAuts
Depths:1: 1633 daAuts
Shoals:2: 1603 daAuts
Vaults:4: 1577 daAuts
     D:8: 1569 daAuts
     D:5: 1554 daAuts
  Lair:1: 1530 daAuts
  Lair:4: 1424 daAuts
    D:14: 1394 daAuts
Shoals:4: 1335 daAuts
    D:12: 1294 daAuts
